[Event "ICC tourney 2413 (45 10)"]
[Site "Internet Chess Club"]
[Date "2021.02.27"]
[Round "3"]
[White "AHUJA, AAKASH MOHAN:aakashjr"]
[Black "ZHANG, FRED:Fredzhang"]
[Result "0-1"]
[ICCResult "White resigns"]
[WhiteElo "1586"]
[BlackElo "1499"]
[Opening "Sicilian"]
[ECO "B56"]
[NIC "SI.25"]
[Time "16:02:41"]
[PlyCount "140"]
[TimeControl "2700+10"]

1. e4 c5 2. Nf3 d6 3. d4 cxd4 4. Nxd4 Nf6 5. Nc3 Nc6 6. Be3 e5 7. Ndb5 a6
8. Na3 Be6 9. Nd5 Rc8 10. Bb6 Qd7 11. f3 Bxd5 12. exd5 Ne7 13. c4 g6 14.
Bd3 Bg7 15. O-O O-O 16. Bc2 h5 17. Ba4 Qf5 18. c5 dxc5 19. d6 Nc6 20. Bxc5
Nd4 21. Bxd4 exd4 22. Qxd4 b5 23. Bc2 Rxc2 24. Nxc2 Qxc2 25. d7 Qc7 26.
Rac1 Qxd7 27. Qxd7 Nxd7 28. Rc6 Bxb2 29. Rxa6 Kg7 30. Rb1 Bd4+ 31. Kf1 Ne5
32. Rxb5 Nc4 33. Ra4 Rc8 34. Ke2 Bg1 35. Kd3 Nb6 36. Rab4 Nd7 37. h3 Rd8
38. Ke2 Nf6 39. Rb1 Bd4 40. Rd1 h4 41. Rb4 Re8+ 42. Kf1 Bc5 43. Rxh4 Nh5
44. Rxh5 gxh5 45. Rd5 Be3 46. Rxh5 Ra8 47. Ke2 Bh6 48. g4 Rxa2+ 49. Kd3
Ra3+ 50. Ke4 Kg6 51. Rd5 Re3+ 52. Kd4 Rxf3 53. Rd6+ f6 54. Ke4 Rxh3 55. Rd8
Re3+ 56. Kd4 Rg3 57. Ke4 Rxg4+ 58. Kf3 Rg5 59. Rd1 f5 60. Rd6+ Kh5 61. Rd1
f4 62. Rh1+ Kg6 63. Rh3 Rh5 64. Rxh5 Kxh5 65. Kf2 Kg4 66. Kg2 f3+ 67. Kf2
Kf4 68. Kf1 Kg3 69. Kg1 f2+ 70. Kf1 Bf8 { White resigns } 0-1

[Event "ICC tourney 2413 (45 10)"]
[Site "Internet Chess Club"]
[Date "2021.02.27"]
[Round "3"]
[White "BRUDNO, STEPHEN:StevChess01"]
[Black "OBERAI, ADITYA:obiwan12"]
[Result "1/2-1/2"]
[ICCResult "Game drawn by repetition"]
[WhiteElo "1661"]
[BlackElo "1591"]
[Opening "QGD: semi-Slav, Marshall gambit"]
[ECO "D31"]
[NIC "SL.06"]
[Time "16:02:37"]
[PlyCount "99"]
[TimeControl "2700+10"]

1. d4 d5 2. c4 e6 3. Nc3 c6 4. e4 Bb4 5. e5 Bxc3+ 6. bxc3 f6 7. f4 a5 8.
Nf3 dxc4 9. Bxc4 b5 10. Be2 Nh6 11. Ba3 Nf5 12. Qd2 Nd7 13. O-O Nb6 14. Bc5
Nd7 15. Ba3 Ne7 16. Bxe7 Qxe7 17. c4 bxc4 18. Bxc4 Nb6 19. Bd3 O-O 20. Qc2
g6 21. Rac1 Bd7 22. Qc5 Qxc5 23. Rxc5 Nd5 24. g3 f5 25. a3 h6 26. Rb1 Ra7
27. Rcc1 Rc8 28. Rb2 Rac7 29. Rc5 Ra8 30. Bb1 Ne7 31. Ba2 Kg7 32. Nd2 Raa7
33. Rcc2 Rab7 34. Rxb7 Rxb7 35. Nc4 Ra7 36. Rb2 Nd5 37. Rb8 Nc3 38. Bb3
Ne2+ 39. Kf2 Nxd4 40. Ba2 Nb5 41. Bb3 a4 42. Bc2 Kf7 43. Ke3 h5 44. Bd1 Be8
45. Bf3 Ke7 46. Bg2 Rc7 47. Ra8 Ra7 48. Rb8 Kf7 49. Rd8 Ke7 50. Rb8 { Game
drawn by repetition } 1/2-1/2

[Event "ICC tourney 2413 (45 10)"]
[Site "Internet Chess Club"]
[Date "2021.02.27"]
[Round "3"]
[White "Nagarajan, Ramesh:rnagaraj"]
[Black "GUO, ELLA:SunnyCountry"]
[Result "1-0"]
[ICCResult "Black checkmated"]
[WhiteElo "1472"]
[BlackElo "1286"]
[Opening "Sicilian: Grand Prix attack"]
[ECO "B21"]
[NIC "SI.48"]
[Time "16:04:08"]
[PlyCount "95"]
[TimeControl "2700+10"]

1. e4 c5 2. f4 Nc6 3. Nf3 d6 4. Bc4 e6 5. d3 Nf6 6. Nc3 a6 7. a3 b5 8. Ba2
Bb7 9. Be3 Be7 10. O-O Qc7 11. f5 Bc8 12. fxe6 Bxe6 13. Bxe6 fxe6 14. Ng5
Qd7 15. Ne2 h6 16. Nf3 Na5 17. e5 Nd5 18. Bd2 Nc6 19. Nf4 Nxf4 20. Bxf4 Qc7
21. Qe2 Qd7 22. Qe4 O-O-O 23. Rae1 d5 24. Qg6 c4 25. d4 Rhg8 26. Bg3 Rde8
27. c3 Nd8 28. Nd2 Bg5 29. Bf4 Bh4 30. Rb1 Nf7 31. Nf3 Bd8 32. Nd2 Bg5 33.
Bxg5 Nxg5 34. b3 Rgf8 35. bxc4 dxc4 36. Ne4 Nxe4 37. Qxe4 Qd5 38. Qg6 Qd7
39. Qe4 Qd5 40. Qc2 g5 41. a4 Rf4 42. axb5 axb5 43. Qb2 Rg4 44. Rf2 Re4 45.
Qxb5 Rd8 46. Qa6+ Kd7 47. Qa7+ Ke8 48. Qf7# { Black checkmated } 1-0

[Event "ICC tourney 2413 (45 10)"]
[Site "Internet Chess Club"]
[Date "2021.02.27"]
[Round "3"]
[White "Shanmugam, Meera:artistqueen"]
[Black "HE, JUSTIN:Justinboi"]
[Result "1/2-1/2"]
[ICCResult "Game drawn by mutual agreement"]
[WhiteElo "1451"]
[BlackElo "1531"]
[Opening "Caro-Kann: classical, 7...Nd7"]
[ECO "B19"]
[NIC "CK.11"]
[Time "16:02:54"]
[PlyCount "121"]
[TimeControl "2700+10"]

1. e4 c6 2. d4 d5 3. Nc3 dxe4 4. Nxe4 Bf5 5. Ng3 Bg6 6. h4 h6 7. Nf3 Nd7 8.
Bd3 Bxd3 9. Qxd3 Ngf6 10. Bd2 e6 11. O-O-O Qc7 12. Kb1 O-O-O 13. c4 Bd6 14.
Ne4 Nxe4 15. Qxe4 Nf6 16. Qd3 Ng4 17. Rhf1 c5 18. Qa3 b6 19. Qa6+ Kb8 20.
g3 Qb7 21. Qxb7+ Kxb7 22. Bc3 cxd4 23. Rxd4 Nf6 24. g4 e5 25. Nxe5 Bxe5 26.
Rxd8 Rxd8 27. Bxe5 Nxg4 28. Bxg7 Rd2 29. f3 Ne3 30. Re1 Nf5 31. Bf6 Rf2 32.
Re8 Rxf3 33. Rf8 Rf1+ 34. Kc2 Ne3+ 35. Kd3 Rxf6 36. Kxe3 Kc6 37. Ra8 Kb7
38. Re8 Kc6 39. Re7 a5 40. Ra7 Rf1 41. Kd3 Rf4 42. h5 Rf5 43. Kd4 Rxh5 44.
Rxf7 Rh4+ 45. Kc3 Rh3+ 46. Kd4 Rh2 47. Kc3 h5 48. Rf3 h4 49. a4 h3 50. Rf6+
Kb7 51. Rf7+ Ka6 52. Rh7 Rh1 53. Kb3 Rh2 54. Rh6 Rh1 55. c5 h2 56. cxb6 Kb7
57. Kc2 Ka6 58. Kb3 Kb7 59. Ka2 Ka6 60. Kb3 Kb7 61. Kc2 { Game drawn by
mutual agreement } 1/2-1/2

[Event "ICC tourney 2413 (45 10)"]
[Site "Internet Chess Club"]
[Date "2021.02.27"]
[Round "3"]
[White "WONG, WYATT:MYMChessWyatt"]
[Black "WANG, WILLIAM HUANG:needycinema"]
[Result "1/2-1/2"]
[ICCResult "Game drawn by repetition"]
[WhiteElo "1284"]
[BlackElo "1481"]
[Opening "Sicilian, Szén (`anti-Taimanov') variation"]
[ECO "B44"]
[NIC "SI.36"]
[Time "16:02:33"]
[PlyCount "89"]
[TimeControl "2700+10"]

1. e4 c5 2. Nf3 e6 3. d4 cxd4 4. Nxd4 Nc6 5. Nb5 d6 6. N1c3 Nf6 7. Bf4 e5
8. Bg5 a6 9. Bxf6 gxf6 10. Na3 Bh6 11. Nd5 f5 12. Qh5 Bg5 13. Bc4 Na5 14.
O-O Nxc4 15. Nxc4 h6 16. f4 exf4 17. exf5 O-O 18. Rae1 Bxf5 19. Nxf4 Kh7
20. h4 Bg6 21. Nxg6 fxg6 22. Qg4 Be7 23. h5 Rxf1+ 24. Kxf1 Qf8+ 25. Kg1 Bg5
26. Qd7+ Qg7 27. hxg6+ Kxg6 28. Qxd6+ Kh7 29. Ne5 Rd8 30. Qb4 Kh8 31. Qe4
Rd6 32. Rf1 Rf6 33. Rxf6 Bxf6 34. Ng6+ Kh7 35. Ne7+ Kh8 36. Ng6+ Kh7 37.
Ne7+ Kh8 38. Ng6+ Kh7 39. Ne7+ Kh8 40. Ng6+ Kh7 41. Ne7+ Kh8 42. Ng6+ Kh7
43. Ne7+ Kh8 44. Ng6+ Kh7 45. Ne7+ { Game drawn by repetition } 1/2-1/2

[Event "ICC tourney 2413 (45 10)"]
[Site "Internet Chess Club"]
[Date "2021.02.27"]
[Round "3"]
[White "Li, Jingtu Oscar:ZYCON"]
[Black "VALE CRUZ, ARMIN:trucker"]
[Result "1-0"]
[ICCResult "Black resigns"]
[WhiteElo "1458"]
[BlackElo "1640"]
[Opening "Grünfeld: modern exchange variation"]
[ECO "D85"]
[NIC "GI.04"]
[Time "16:02:45"]
[PlyCount "95"]
[TimeControl "2700+10"]

1. d4 Nf6 2. c4 g6 3. Nc3 d5 4. cxd5 Nxd5 5. e4 Nxc3 6. bxc3 Bg7 7. Nf3 O-O
8. Bc4 c5 9. O-O Bg4 10. Be3 Qa5 11. Rc1 Nc6 12. d5 Rfd8 13. Be2 Rac8 14.
Qc2 Nb8 15. h3 Bd7 16. c4 Na6 17. Bd2 Qc7 18. Bc3 Bxc3 19. Qxc3 Nb4 20. Qb2
b6 21. a3 Na6 22. Nd2 Qf4 23. Bd3 Nc7 24. e5 Ne8 25. Ne4 Bf5 26. Rfe1 h5
27. g3 Qh6 28. Kg2 Qg7 29. f4 Kf8 30. Qc3 b5 31. Qa5 bxc4 32. Bxc4 Rb8 33.
Nxc5 Rb2+ 34. Re2 Rxe2+ 35. Bxe2 Rxd5 36. Bf3 Rd4 37. Qc3 Rd8 38. Qa5 Rd4
39. h4 Kg8 40. Qxa7 Rd2+ 41. Kg1 Qf8 42. a4 Ng7 43. a5 Qd8 44. Ne4 Ra2 45.
Rd1 Qxa5 46. Qxa5 Rxa5 47. Rd8+ Kh7 48. Ng5+ { Black resigns } 1-0

[Event "ICC tourney 2413 (45 10)"]
[Site "Internet Chess Club"]
[Date "2021.02.27"]
[Round "3"]
[White "YANG, ALLEN:aChessRookie"]
[Black "Washburn, Samuel Richard:samwash"]
[Result "0-1"]
[ICCResult "White resigns"]
[WhiteElo "1323"]
[BlackElo "1453"]
[Opening "Ruy Lopez: Classical defense deferred"]
[ECO "C70"]
[NIC "RL.09"]
[Time "16:02:42"]
[PlyCount "144"]
[TimeControl "2700+10"]

1. e4 e5 2. Nf3 Nc6 3. Bb5 a6 4. Ba4 Bc5 5. c3 b5 6. Bb3 Nge7 7. O-O O-O 8.
d4 exd4 9. cxd4 Bb6 10. d5 Na5 11. Bc2 d6 12. Ng5 h6 13. Nf3 Bg4 14. h3 Bh5
15. Qd3 Nc4 16. b3 Ne5 17. Nxe5 dxe5 18. Qg3 Qd6 19. Kh1 Bd4 20. Nc3 b4 21.
Bb2 bxc3 22. Bxc3 Bxc3 23. Qxc3 f6 24. Rac1 Rfc8 25. Bd3 Be8 26. a4 Ng6 27.
g3 Qd7 28. Kh2 h5 29. h4 Nh8 30. Bc4 Qd6 31. Qf3 Kf8 32. Qe2 g6 33. Qe3 Kg7
34. Rg1 Bd7 35. f3 Nf7 36. Rcf1 c6 37. Rd1 Qe7 38. dxc6 Bxc6 39. Rd3 Bxa4
40. Bxf7 Bb5 41. Bc4 Bxc4 42. bxc4 Rxc4 43. Qd2 Ra7 44. Rd1 Rcc7 45. Ra1
Qc5 46. Rd6 Qb5 47. Qa2 Rc6 48. Rxc6 Qxc6 49. Qe2 a5 50. Qd2 a4 51. Ra2 a3
52. Qb4 Qa4 53. Qxa4 Rxa4 54. Kg2 f5 55. exf5 gxf5 56. Kf2 Kf6 57. Ke3 f4+
58. gxf4 exf4+ 59. Kd3 Ke5 60. Kc3 Kd5 61. Kd3 Kc5 62. Kc3 Kd5 63. Kd3 Kc5
64. Kc3 Kb5 65. Kb3 Rb4+ 66. Kxa3 Ra4+ 67. Kb2 Rxa2+ 68. Kxa2 Kc4 69. Kb2
Kd3 70. Kc1 Ke3 71. Kd1 Kxf3 72. Ke1 Kg2 { White resigns } 0-1

[Event "ICC tourney 2413 (45 10)"]
[Site "Internet Chess Club"]
[Date "2021.02.27"]
[Round "3"]
[White "SUSANTO, RIDWAN:fhunfi"]
[Black "PULLABHOTLA, ABHINAV:Abhinac123"]
[Result "1/2-1/2"]
[ICCResult "Game drawn by mutual agreement"]
[WhiteElo "1695"]
[BlackElo "1619"]
[Opening "Ruy Lopez: Treybal (Bayreuth) variation (exchange var. deferred)"]
[ECO "C77"]
[NIC "RL.12"]
[Time "16:03:28"]
[PlyCount "164"]
[TimeControl "2700+10"]

1. e4 e5 2. Nf3 Nc6 3. Bb5 a6 4. Ba4 Nf6 5. Bxc6 dxc6 6. d3 Bd6 7. Nbd2 O-O
8. Nc4 Re8 9. Qe2 b5 10. Ne3 Ng4 11. h3 Nxe3 12. Bxe3 Be6 13. Ng5 h6 14.
Nxe6 Rxe6 15. O-O Rg6 16. Qh5 Qd7 17. f4 exf4 18. Bxf4 Bxf4 19. Rxf4 Qd4+
20. Kh1 Qxb2 21. Raf1 Qxc2 22. R1f2 Qxd3 23. Rxf7 Qxe4 24. R7f5 Qe6 25. Re5
Qd6 26. Qe2 Rf6 27. Rxf6 Qxf6 28. Re6 Qa1+ 29. Kh2 Qc3 30. Qe4 Rd8 31. Rxc6
Qd4 32. Qe6+ Kh8 33. Qe2 Qf4+ 34. Kh1 Rf8 35. Rxa6 Qf1+ 36. Qxf1 Rxf1+ 37.
Kh2 c5 38. Rc6 Rc1 39. Rb6 b4 40. Rb5 Kg8 41. Rb7 Rc2 42. Rc7 c4 43. Kg3 c3
44. Rc4 Rb2 45. a3 bxa3 46. Rxc3 a2 47. Ra3 Rb3+ 48. Rxb3 a1=Q 49. Rf3 Qe5+
50. Kf2 Kh7 51. Kg1 h5 52. Kf1 Kh6 53. Kf2 g6 54. Kg1 h4 55. Kf1 Qa1+ 56.
Kf2 Qb2+ 57. Kf1 Qc1+ 58. Kf2 Qd2+ 59. Kf1 Kg5 60. Kg1 Qe1+ 61. Kh2 Kh5 62.
Rf8 Qg3+ 63. Kh1 Kg5 64. Rf1 Qd3 65. Kg1 Kh5 66. Rf2 g5 67. Rf1 g4 68.
hxg4+ Kxg4 69. Rf3 Qd4+ 70. Kh1 Qd1+ 71. Kh2 Qe1 72. Rh3 Qe5+ 73. Kg1 Qf5
74. Rf3 Qe5 75. Kh1 Kh5 76. Kg1 Qg5 77. Kh2 Qg4 78. Kg1 Kh6 79. Kh2 Kg7 80.
Kg1 Qd4+ 81. Kh2 Qb6 82. Kh1 Qb1+ { Game drawn by mutual agreement }
1/2-1/2

[Event "ICC tourney 2413 (45 10)"]
[Site "Internet Chess Club"]
[Date "2021.02.27"]
[Round "3"]
[White "Pugachev, Michael E:Mpugachev"]
[Black "KEYWORTH, PAUL:KawordianKnight"]
[Result "1-0"]
[ICCResult "Black resigns"]
[WhiteElo "1630"]
[BlackElo "1561"]
[Opening "Scandinavian defense"]
[ECO "B01"]
[NIC "SD.03"]
[Time "16:02:40"]
[PlyCount "155"]
[TimeControl "2700+10"]

1. e4 d5 2. exd5 Nf6 3. d4 Bg4 4. Be2 Bxe2 5. Nxe2 Qxd5 6. O-O Nc6 7. Bf4
O-O-O 8. c3 e5 9. Be3 exd4 10. cxd4 Bd6 11. Nbc3 Qh5 12. h3 a6 13. d5 Nb4
14. Nd4 Qxd1 15. Rfxd1 Nbxd5 16. Nxd5 Nxd5 17. Bg5 Be7 18. Bxe7 Nxe7 19. g3
Rd5 20. Rac1 Rhd8 21. Re1 Rxd4 22. Rxe7 Rd1+ 23. Rxd1 Rxd1+ 24. Kg2 Rd7 25.
Re8+ Rd8 26. Re7 Rf8 27. Kf3 Kd8 28. Re3 c6 29. Rb3 Kc7 30. Re3 Rd8 31.
Re7+ Rd7 32. Re2 f6 33. g4 Rd3+ 34. Kf4 Kd7 35. h4 g6 36. f3 c5 37. g5 Rd4+
38. Kg3 fxg5 39. hxg5 c4 40. Rh2 Kc6 41. Rxh7 Rd6 42. f4 b5 43. Rh6 b4 44.
f5 c3 45. bxc3 bxc3 46. Rh1 gxf5 47. Rc1 Rd4 48. Rxc3+ Kb5 49. Kh3 Kb4 50.
Rg3 Rd7 51. g6 Rg7 52. Kh4 Kc5 53. Kh5 Kd4 54. Kh6 f4 55. Rg1 Rg8 56. Kh7
Ra8 57. g7 f3 58. g8=Q Rxg8 59. Kxg8 f2 60. Rf1 Ke3 61. a4 Ke2 62. Ra1 f1=Q
63. Rxf1 Kxf1 64. Kf7 Ke2 65. Ke6 Kd2 66. Kd5 Kd3 67. Kc5 Kc3 68. a5 Kb3
69. Kb6 Kb4 70. Kxa6 Kc5 71. Kb7 Kd6 72. a6 Kd7 73. a7 Kd6 74. a8=Q Kd5 75.
Qc8 Kd6 76. Kb6 Ke7 77. Qc6 Kf7 78. Qe4 { Black resigns } 1-0

[Event "ICC tourney 2413 (45 10)"]
[Site "Internet Chess Club"]
[Date "2021.02.27"]
[Round "4"]
[White "ATLURI, PRATHIK:ChessStar22"]
[Black "REMPE, LENNIK:Kokosnuss1000"]
[Result "1-0"]
[ICCResult "Black resigns"]
[WhiteElo "1378"]
[BlackElo "1400"]
[Opening "QGD: 4.Nf3"]
[ECO "D37"]
[NIC "QO.16"]
[Time "18:31:27"]
[PlyCount "39"]
[TimeControl "2700+10"]

1. d4 d5 2. c4 e6 3. Nc3 Nf6 4. Nf3 Be7 5. cxd5 Nxd5 6. Nxd5 Qxd5 7. e3 O-O
8. Be2 Nc6 9. O-O f5 10. b3 Rf6 11. Bc4 Qd7 12. Bb2 Rg6 13. d5 Kh8 14. dxc6
Qxc6 15. Be5 Bd7 16. Bg3 Rd8 17. Ne5 Qe4 18. Nxg6+ hxg6 19. Qf3 Qxf3 20.
gxf3 { Black resigns } 1-0

[Event "ICC tourney 2413 (45 10)"]
[Site "Internet Chess Club"]
[Date "2021.02.27"]
[Round "4"]
[White "PAN, CHRIS:Chris0708"]
[Black "GUNDRA, HEMTEJ:hemtej-g"]
[Result "1-0"]
[ICCResult "Black resigns"]
[WhiteElo "1297"]
[BlackElo "1547"]
[Opening "Sicilian: Hungarian variation"]
[ECO "B27"]
[NIC "SI.43"]
[Time "18:31:21"]
[PlyCount "77"]
[TimeControl "2700+10"]

1. e4 c5 2. Nf3 g6 3. d4 cxd4 4. Nxd4 Bg7 5. Nb3 Nc6 6. Nc3 a6 7. Bf4 d6 8.
Be2 Nf6 9. O-O O-O 10. Re1 b5 11. Nd5 Bb7 12. Nxf6+ Bxf6 13. c3 Bg7 14. Qd2
Ne5 15. Bxe5 Bxe5 16. Bf3 Qc7 17. Nd4 Rad8 18. Rad1 d5 19. g3 dxe4 20. Bxe4
Bg7 21. Qe3 Bxe4 22. Qxe4 e6 23. Qe3 Rd7 24. Nf3 Rfd8 25. Qe2 Rd5 26. Rxd5
Rxd5 27. Rd1 Qd6 28. Rxd5 Qxd5 29. a3 Bh6 30. h4 f5 31. Qe5 Qxf3 32. Qxe6+
Kf8 33. Qf6+ Ke8 34. Qe6+ Kd8 35. Qd6+ Kc8 36. Qe6+ Kc7 37. Qe7+ Kb6 38.
Qd8+ Kc6 39. Qa8+ { Black resigns } 1-0

[Event "ICC tourney 2413 (45 10)"]
[Site "Internet Chess Club"]
[Date "2021.02.27"]
[Round "4"]
[White "VALE CRUZ, ARMIN:trucker"]
[Black "WANG, LEONARDO:Leowang"]
[Result "1-0"]
[ICCResult "Black checkmated"]
[WhiteElo "1640"]
[BlackElo "1382"]
[Opening "Sicilian: accelerated fianchetto, exchange variation"]
[ECO "B34"]
[NIC "SI.33"]
[Time "18:32:07"]
[PlyCount "53"]
[TimeControl "2700+10"]

1. e4 c5 2. Nf3 Nc6 3. d4 cxd4 4. Nxd4 g6 5. Nxc6 bxc6 6. Qd4 Nf6 7. e5 c5
8. Qxc5 e6 9. Qe3 Nd5 10. Qb3 Bg7 11. f4 d6 12. Bb5+ Ke7 13. Bc6 Nb6 14.
exd6+ Qxd6 15. Bxa8 Nxa8 16. Bd2 Ke8 17. O-O Bd4+ 18. Be3 Ba6 19. Qa4+ Ke7
20. Qxd4 Qxd4 21. Bxd4 Rc8 22. Rf2 Rd8 23. Bc5+ Ke8 24. Nc3 Rd7 25. Rd1 Rb7
26. Ne4 Rxb2 27. Nf6# { Black checkmated } 1-0

[Event "ICC tourney 2413 (45 10)"]
[Site "Internet Chess Club"]
[Date "2021.02.27"]
[Round "4"]
[White "HE, JUSTIN:Justinboi"]
[Black "PATEL, ARAV:APBrain"]
[Result "0-1"]
[ICCResult "White resigns"]
[WhiteElo "1531"]
[BlackElo "1639"]
[Opening "Four knights: Italian variation"]
[ECO "C47"]
[NIC "RG.01"]
[Time "18:32:00"]
[PlyCount "80"]
[TimeControl "2700+10"]

1. e4 e5 2. Nf3 Nf6 3. Nc3 Nc6 4. Bc4 Nxe4 5. Nxe4 d5 6. Bxd5 Qxd5 7. Nc3
Qd8 8. d3 Bd6 9. O-O O-O 10. Ne4 f5 11. Nxd6 cxd6 12. Re1 h6 13. c3 Be6 14.
d4 e4 15. Nd2 d5 16. Nb3 b5 17. Nc5 Qe7 18. Qb3 a6 19. Be3 f4 20. Bd2 f3
21. gxf3 exf3 22. Rxe6 Qh4 23. Rg6 Rf5 24. Rg3 Rh5 25. h3 Rf8 26. Ne6 Rf6
27. Nf4 Rg5 28. Kh2 Rxf4 29. Bxf4 Qxf4 30. Qc2 Ne7 31. Rg1 Nf5 32. Qd3 Nxg3
33. Rxg3 Rxg3 34. fxg3 Qe4 35. Qf1 h5 36. Kg1 g5 37. Kf2 g4 38. hxg4 hxg4
39. Qe1 Qc2+ 40. Qe2 Qxe2+ { White resigns } 0-1

[Event "ICC tourney 2413 (45 10)"]
[Site "Internet Chess Club"]
[Date "2021.02.27"]
[Round "4"]
[White "LOU, ELIJAH:ElijahL2020"]
[Black "YANG, ALLEN:aChessRookie"]
[Result "1-0"]
[ICCResult "Black resigns"]
[WhiteElo "1237"]
[BlackElo "1323"]
[Opening "Scotch: Schmidt variation"]
[ECO "C45"]
[NIC "SO.04"]
[Time "18:31:23"]
[PlyCount "97"]
[TimeControl "2700+10"]

1. e4 e5 2. Nf3 Nc6 3. d4 exd4 4. Nxd4 Nf6 5. Nxc6 dxc6 6. Qxd8+ Kxd8 7.
Bd3 Bc5 8. O-O Be6 9. Nc3 Ke7 10. Na4 Bd4 11. c3 Be5 12. f4 Bd6 13. e5 b5
14. exf6+ Kxf6 15. Be3 bxa4 16. Bd4+ Ke7 17. Rfe1 c5 18. Bf2 Kd8 19. f5 Bd5
20. c4 Bc6 21. Be4 Bxe4 22. Rxe4 Re8 23. Rxe8+ Kxe8 24. Re1+ Kd7 25. Rd1
Kc6 26. Kf1 Rb8 27. Rd2 Be5 28. Rd5 Bd6 29. Rd2 Rb4 30. Rc2 Be5 31. Bg3
Rxb2 32. Rxb2 Bxb2 33. Ke2 f6 34. Kd3 Be5 35. Bxe5 fxe5 36. a3 Kd7 37. Ke4
Kd6 38. g3 c6 39. h3 h5 40. g4 hxg4 41. hxg4 a6 42. g5 a5 43. g6 Kd7 44.
Kxe5 Ke7 45. f6+ gxf6+ 46. Kf5 Kf8 47. Kxf6 Kg8 48. g7 Kh7 49. Kf7 { Black
resigns } 1-0

[Event "ICC tourney 2413 (45 10)"]
[Site "Internet Chess Club"]
[Date "2021.02.27"]
[Round "4"]
[White "BAI, JEFFREY:Jeffchess"]
[Black "JIANG, JASON:JasonJiang10"]
[Result "0-1"]
[ICCResult "White resigns"]
[WhiteElo "1227"]
[BlackElo "1596"]
[Opening "Sicilian: closed"]
[ECO "B23"]
[NIC "SI.44"]
[Time "18:31:23"]
[PlyCount "82"]
[TimeControl "2700+10"]

1. e4 c5 2. Nc3 e6 3. Nf3 Nc6 4. Bb5 g6 5. Bxc6 bxc6 6. e5 Bg7 7. d3 Rb8 8.
Ne4 Ne7 9. Nd6+ Kf8 10. Qe2 Ba6 11. Ng5 Nf5 12. Ngxf7 Qc7 13. Nxh8 Bxh8 14.
c4 Nd4 15. Qd2 Bxe5 16. Ne4 d6 17. h4 Kg8 18. h5 Rf8 19. hxg6 hxg6 20. Kd1
Bf4 21. Qe1 Qe7 22. g3 Bxc1 23. Kxc1 d5 24. Nd2 Qg5 25. Qe3 Qf5 26. Qh6 Kf7
27. Qf4 Ne2+ 28. Kd1 Nxf4 29. gxf4 Qxd3 30. Rh7+ Kf6 31. Rxa7 Rb8 32. b3
dxc4 33. Rxa6 c3 34. Ke1 cxd2+ 35. Kd1 Qxa6 36. Kxd2 Rd8+ 37. Ke1 Rh8 38.
Kd2 c4 39. Kc3 cxb3 40. Kxb3 Qd3+ 41. Ka4 Qb5+ { White resigns } 0-1

[Event "ICC tourney 2413 (45 10)"]
[Site "Internet Chess Club"]
[Date "2021.02.27"]
[Round "4"]
[White "MARTINEZ, ABEL:abelMZ084"]
[Black "Goldblatt, Steven:SGOLD9367"]
[Result "1-0"]
[ICCResult "Black resigns"]
[WhiteElo "1667"]
[BlackElo "1173"]
[Opening "Queen's pawn: stonewall attack"]
[ECO "D00"]
[NIC "QP.08"]
[Time "18:31:22"]
[PlyCount "43"]
[TimeControl "2700+10"]

1. d4 d5 2. e3 Nf6 3. Bd3 e6 4. Nd2 Be7 5. f4 h5 6. h3 c5 7. c3 cxd4 8.
exd4 g6 9. Ngf3 Nc6 10. Ne5 Rg8 11. Qe2 Nd7 12. Ndf3 Bh4+ 13. Kd1 Ndxe5 14.
Nxe5 Nxe5 15. fxe5 Bd7 16. Rf1 Rc8 17. Qf3 f5 18. exf6 Kf7 19. g3 Bxf6 20.
Bg5 Rf8 21. Qxf6+ Qxf6 22. Rxf6+ { Black resigns } 1-0

[Event "ICC tourney 2413 (45 10)"]
[Site "Internet Chess Club"]
[Date "2021.02.27"]
[Round "4"]
[White "RAO, SRIHAS:srihasrao"]
[Black "AHUJA, AAKASH MOHAN:aakashjr"]
[Result "1-0"]
[ICCResult "Black resigns"]
[WhiteElo "1411"]
[BlackElo "1586"]
[Opening "Queen's gambit declined"]
[ECO "D30"]
[NIC "QP.08"]
[Time "18:31:19"]
[PlyCount "83"]
[TimeControl "2700+10"]

1. d4 d5 2. c4 e6 3. Nf3 Nf6 4. g3 c5 5. cxd5 exd5 6. Bg2 Nc6 7. e3 Bf5 8.
O-O Bd6 9. Nc3 O-O 10. dxc5 Bxc5 11. b3 Nb4 12. a3 Nd3 13. b4 Bb6 14. Na4
Rc8 15. Nxb6 Qxb6 16. Qb3 Nc5 17. Qd1 Nce4 18. Bb2 Nc3 19. Bxc3 Rxc3 20.
Nd4 Bd3 21. Qd2 Rfc8 22. Rfc1 Qc7 23. Nb3 Bc2 24. Nc5 Qe5 25. Ra2 b6 26.
Raxc2 Rxc2 27. Qxc2 bxc5 28. bxc5 Rc6 29. Qa4 Qc7 30. Qb4 Nd7 31. Bxd5 Rxc5
32. Rxc5 Qxc5 33. Qxc5 Nxc5 34. e4 Kf8 35. f4 Ke7 36. Kf2 f6 37. Ke3 Kd6
38. Kd4 Nd7 39. g4 g5 40. fxg5 fxg5 41. Bg8 Nf6 42. e5+ { Black resigns }
1-0

[Event "ICC tourney 2413 (45 10)"]
[Site "Internet Chess Club"]
[Date "2021.02.27"]
[Round "4"]
[White "WANG, WILLIAM HUANG:needycinema"]
[Black "MURALI, RISHI:RishiMurali"]
[Result "0-1"]
[ICCResult "White checkmated"]
[WhiteElo "1481"]
[BlackElo "1606"]
[Opening "QGD: 4.Nf3"]
[ECO "D37"]
[NIC "QI.01"]
[Time "18:31:21"]
[PlyCount "132"]
[TimeControl "2700+10"]

1. d4 Nf6 2. c4 e6 3. Nf3 d5 4. Nc3 Nc6 5. Bf4 Bd6 6. Bg3 O-O 7. e3 b6 8.
Bd3 Bb7 9. Qc2 Nb4 10. Qb1 Nxd3+ 11. Qxd3 dxc4 12. Qxc4 Bxf3 13. gxf3 c5
14. Bxd6 Qxd6 15. O-O-O Rfc8 16. d5 Nxd5 17. Nxd5 exd5 18. Rxd5 Qf6 19. Rg1
Qxf3 20. Rdg5 g6 21. h4 Qxf2 22. h5 Qxe3+ 23. Kb1 Kf8 24. Rf1 Rc7 25. hxg6
hxg6 26. Rxg6 Qd4 27. Qc2 Rd8 28. Rg3 Qh4 29. Qg2 Qh7+ 30. Ka1 Rcd7 31. Qf3
Rd3 32. Qg4 Rxg3 33. Qxg3 Qd3 34. Qxd3 Rxd3 35. a3 b5 36. Kb1 a5 37. Kc2
Rd5 38. b3 b4 39. axb4 cxb4 40. Rf6 Ke7 41. Ra6 f5 42. Rc6 f4 43. Rc4 Rf5
44. Re4+ Kf6 45. Re2 f3 46. Rf2 Kg5 47. Kd3 Kg4 48. Ke3 Kg3 49. Rf1 Kg2 50.
Rf2+ Kg3 51. Rf1 f2 52. Kd2 Kg2 53. Ke2 Re5+ 54. Kd3 Kxf1 55. Kd4 Re8 56.
Kc5 Kg1 57. Kb5 f1=Q+ 58. Ka4 Qa1+ 59. Kb5 Rb8+ 60. Kc6 Qc3+ 61. Kd7 Rb5
62. Kd6 Qc5+ 63. Ke6 Rb6+ 64. Kd7 Qd6+ 65. Ke8 Qc7 66. Kf8 Rb8# { White
checkmated } 0-1

[Event "ICC tourney 2413 (45 10)"]
[Site "Internet Chess Club"]
[Date "2021.02.27"]
[Round "4"]
[White "Templeton, Alexander:ajttja"]
[Black "Pugachev, Michael E:Mpugachev"]
[Result "1-0"]
[ICCResult "Black resigns"]
[WhiteElo "1695"]
[BlackElo "1630"]
[Opening "Boden-Kieseritsky gambit"]
[ECO "C42"]
[NIC "RG.01"]
[Time "18:31:18"]
[PlyCount "57"]
[TimeControl "2700+10"]

1. e4 e5 2. Nf3 Nf6 3. Bc4 Nxe4 4. Nc3 Nf6 5. Nxe5 d5 6. Qe2 Be6 7. Bb3 c6
8. d4 Bd6 9. Bg5 h6 10. Bh4 Be7 11. O-O-O Nfd7 12. Ng6 fxg6 13. Qxe6 g5 14.
Qg6+ Kf8 15. Bg3 Nf6 16. Rhe1 Bd6 17. Re6 Bxg3 18. fxg3 Rg8 19. Rf1 Nd7 20.
Nxd5 cxd5 21. Bxd5 Qe7 22. Rxe7 Kxe7 23. Bxg8 Rxg8 24. c4 Nf8 25. Re1+ Kd8
26. Qf7 N8d7 27. Re7 Rf8 28. Qxg7 Rg8 29. Rxd7+ { Black resigns } 1-0

[Event "ICC tourney 2413 (45 10)"]
[Site "Internet Chess Club"]
[Date "2021.02.27"]
[Round "4"]
[White "GUO, ELLA:SunnyCountry"]
[Black "BASTIANI-FONCK, CLAUDIO:Cbf577"]
[Result "0-1"]
[ICCResult "White checkmated"]
[WhiteElo "1286"]
[BlackElo "1377"]
[Opening "Sicilian: Labourdonnais-Löwenthal (Kalashnikov) variation"]
[ECO "B32"]
[NIC "SI.32"]
[Time "18:31:34"]
[PlyCount "114"]
[TimeControl "2700+10"]

1. e4 c5 2. Nf3 Nc6 3. d4 cxd4 4. Nxd4 e5 5. Nb5 d6 6. N1c3 a6 7. Na3 Nf6
8. Bg5 Be7 9. Be2 O-O 10. Bxf6 Bxf6 11. Nd5 Bg5 12. O-O Be6 13. h3 Nd4 14.
Bc4 b5 15. Bb3 f5 16. exf5 Nxb3 17. axb3 Bxf5 18. Ne3 Bg6 19. c4 Bxe3 20.
fxe3 Qb6 21. Qd2 b4 22. Nb1 Rxf1+ 23. Kxf1 Rf8+ 24. Kg1 Kh8 25. Qe2 a5 26.
Nd2 Qc5 27. Nf3 Bh5 28. Kh1 e4 29. g4 exf3 30. Qf2 Bg6 31. Rd1 Be4 32. Kg1
a4 33. Rd4 Bc6 34. bxa4 Bxa4 35. Rf4 Rxf4 36. exf4 Qxf2+ 37. Kxf2 Bc6 38.
b3 Kg8 39. Ke3 Kf7 40. h4 Ke6 41. Kf2 d5 42. c5 d4 43. Ke1 Kd5 44. Kd2 Ke4
45. f5 Kf4 46. g5 Kxf5 47. h5 Kxg5 48. h6 gxh6 49. Ke1 Kf4 50. Kf2 h5 51.
Kf1 h4 52. Kf2 h3 53. Kg1 d3 54. Kf1 d2 55. Kf2 h2 56. Kf1 d1=Q+ 57. Kf2
Qe2# { White checkmated } 0-1